 Dungeon Sprint DCSS version 0.32-a0-666-ge8a88695a4 (webtiles) character file.

Game seed: 17359687937468695184

860 adelrune the Blocker (level 8, -6/67 HPs)
             Began as a Formicid Fighter on Mar 9, 2024.
             Was a Priest of Cheibriados.
             Killed from afar by an arcanist (20 damage)
             ... with a bolt of cold
             ... in the Dungeon (Sprint IX: "|||||||||||||||||||||||||||||").
             The game lasted 00:01:43 (390 turns).

adelrune the Blocker (Formicid Fighter)              Turns: 390, Time: 00:01:43

Health: -6/67      AC: 14    Str: 34    XL:     8   Next: 22%
Magic:  10/12      EV: 12    Int: 16    God:    Cheibriados [***...]
Gold:   0          SH:  7    Dex: 24    Spells: 7/7 levels left

rFire   . . .        k - +2 morningstar (pain)
rCold   . . .        c - +0 buckler
rNeg    . . .        m - +0 plate armour
rPois   .            (helmet unavailable)
rElec   .            (no cloak)
rCorr   .            (no gloves)
SInv    +            l - +0 pair of boots
Will    .....        (no amulet) Stlth
                     n - +3 ring of dexterity
HPRegen 0.31/turn    o - +3 ring of strength
MPRegen 0.13/turn

%: no passive effects
@: very slow
A: permanent stasis, dig shafts and tunnels, antennae 3, four strong arms
a: Dig, Renounce Religion, Bend Time, Temporal Distortion


You were in the Dungeon.
You worshipped Cheibriados.
Cheibriados was most pleased with you.
You visited 1 branch

Inventory:

Hand Weapons
 a - a +0 flail
 k - a +2 morningstar of pain (weapon)
Armour
 b - a +0 scale mail
 c - a +0 buckler (worn)
 l - a +0 pair of boots (worn)
 m - a +0 plate armour (worn)
Jewellery
 n - a +3 ring of dexterity (left hand)
 o - a +3 ring of strength (right hand)
Wands
 j - a wand of acid (10)
Scrolls
 i - 2 scrolls of amnesia
Potions
 d - a potion of might
 e - a potion of invisibility
 f - 2 potions of heal wounds
 g - 4 potions of magic
 h - 4 potions of curing


   Skills:
 + Level 7.5 Fighting
 * Level 8.8 Maces & Flails
 + Level 7.4 Armour
 + Level 5.3 Dodging
 + Level 8.8 Shields
 + Level 4.6 Necromancy
 + Level 5.6 Invocations
 + Level 5.1 Evocations


You had 7 spell levels left.
You didn't know any spells.
Your spell library was empty.

Dungeon Overview and Level Annotations

Branches:
Dungeon (1/1)

Altars:
Cheibriados
Dithmenos
Elyvilon
Fedhas
Gozag
Hepliaklqana
Kikubaaqudgha
Makhleb
Nemelex Xobeh
Okawaru
Qazlal
Ru
Sif Muna
Trog
Uskayaw
Vehumet
Wu Jian
Xom
Yredelemnul
Zin
The Shining One
Beogh
Jiyva
Lugonu


Innate Abilities, Weirdness & Mutations

You cannot be hasted, slowed, berserked, paralysed or teleported.
You can dig through walls and to a lower floor.
You have a pair of large antennae on your head. (SInv)
Your four strong arms can wield two-handed weapons with a shield.


Message History

You bludgeon the slime creature!!
The slime creature is heavily wounded.
The slime creature hits you but does no damage.
You puncture the slime creature!
The slime creature is almost dead.
The boulder beetle stops rolling and uncurls.
The slime creature hits you!
The slime creature jiggles.
You impale the slime creature!!
You kill the slime creature!
Cheibriados appreciates the change of pace.
Cheibriados raises the support of your attributes as your movement slows.
Your Evocations skill increases to level 5!
You have reached level 8!
You feel clever.
Unknown command.
You hit the arcanist.
The arcanist writhes in agony.
The arcanist is moderately wounded.
The arcanist barely misses you.
The boulder beetle curls into a ball and begins rolling!
The arcanist casts a spell at you. The bolt of cold hits you!!!
Ouch! That really hurt!
* * * LOW HITPOINT WARNING * * *
You puncture the arcanist!
The arcanist is heavily wounded.
The arcanist shouts, "You are history!"
The arcanist misses you.
The boulder beetle stops rolling and uncurls.
The arcanist hits you with a +0 dagger.
* * * LOW HITPOINT WARNING * * *
You hit the arcanist.
The arcanist writhes in agony.
The arcanist is severely wounded.
The arcanist closely misses you.
You completely miss the arcanist.
The arcanist is severely wounded.
The arcanist points at you and mumbles some strange words.
The bolt of cold hits you!!
You die...
Cheibriados appreciates the motionlessness of death. {{{{{{{{ ▓▓▓▓▓▓▓▓▓▓▓▓▓▓▓▓▓▓▓▓▓▓▓▓ '.?)..[...))....@pJDB... ▓▓▓▓▓▓▓▓▓▓▓▓▓▓▓▓▓▓▓▓▓▓▓▓

You could see a boulder beetle, a five-headed hydra, a slime creature and an arcanist (fast).

Vanquished Creatures
  A slime creature (D)
  A shadow (D)
  A yak (D)
  An orc warrior (D)
  2 centaurs (D)
  A scorpion (D)
  A howler monkey (D)
  A gnoll bouda (D)
  An adder (D)
  A white imp (D)
  A dart slug (D)
  An orc (D)
  A ball python (D)
  A hobgoblin (D)
  A quokka (D)
  A kobold (D)
  A rat (D)
18 creatures vanquished.

Notes
Turn   | Place    | Note
-------+----------+-------------------------------------------
     0 | D        | adelrune the Formicid Fighter began the quest for the Orb.
     0 | D        | Reached XP level 1. HP: 18/18 MP: 1/1
    16 | D        | Reached skill level 1 in Dodging
    42 | D        | Noticed a scorpion
    50 | D        | Killed a scorpion
    51 | D        | Reached skill level 5 in Shields
    51 | D        | Reached XP level 2. HP: 5/26 MP: 2/2
    51 | D        | Reached XP level 3. HP: 6/31 MP: 3/3
    51 | D        | Reached XP level 4. HP: 8/38 MP: 4/4
    63 | D        | Reached skill level 5 in Maces & Flails
    70 | D        | Reached skill level 5 in Fighting
    70 | D        | Reached skill level 5 in Armour
   196 | D        | Found a roughly hewn altar of Beogh.
   196 | D        | Found a snail-covered altar of Cheibriados.
   196 | D        | Found a shadowy altar of Dithmenos.
   196 | D        | Found a white marble altar of Elyvilon.
   196 | D        | Found a blossoming altar of Fedhas.
   196 | D        | Found an opulent altar of Gozag.
   197 | D        | Found a hazy altar of Hepliaklqana.
   198 | D        | Found a viscous altar of Jiyva.
   199 | D        | Found an ancient bone altar of Kikubaaqudgha.
   200 | D        | Became a worshipper of Cheibriados the Contemplative
   201 | D        | Found a corrupted altar of Lugonu.
   202 | D        | Found a burning altar of Makhleb.
   203 | D        | Found a sparkling altar of Nemelex Xobeh.
   204 | D        | Found an iron altar of Okawaru.
   205 | D        | Found a stormy altar of Qazlal.
   206 | D        | Found a sacrificial altar of Ru.
   207 | D        | Found a shimmering blue altar of Sif Muna.
   208 | D        | Found a bloodstained altar of Trog.
   209 | D        | Found a hide-covered altar of Uskayaw.
   210 | D        | Found a radiant altar of Vehumet.
   211 | D        | Found an ornate altar of the Wu Jian Council.
   212 | D        | Found a shimmering altar of Xom.
   213 | D        | Found a basalt altar of Yredelemnul.
   214 | D        | Found a glowing silver altar of Zin.
   215 | D        | Found a glowing golden altar of the Shining One.
   262 | D        | Noticed a centaur
   262 | D        | Noticed a centaur
   262 | D        | Noticed a shadow
   262 | D        | Noticed a yak
   262 | D        | Noticed an orc warrior
   264 | D        | Killed a centaur
   264 | D        | Reached * piety under Cheibriados
   265 | D        | Reached skill level 1 in Necromancy
   265 | D        | Reached XP level 5. HP: 41/44 MP: 4/6
   269 | D        | Killed a centaur
   270 | D        | Reached XP level 6. HP: 44/52 MP: 4/8
   274 | D        | Killed a shadow
   275 | D        | Reached XP level 7. HP: 52/59 MP: 5/10
   278 | D        | Killed a yak
   278 | D        | Reached ** piety under Cheibriados
   282 | D        | Reached skill level 5 in Invocations
   380 | D        | Noticed a slime creature
   380 | D        | Noticed an arcanist
   380 | D        | Noticed a slime creature
   380 | D        | Noticed a boulder beetle
   380 | D        | Noticed a five-headed hydra
   382 | D        | Reached *** piety under Cheibriados
   383 | D        | Reached skill level 5 in Dodging
   386 | D        | Killed a slime creature
   387 | D        | Reached skill level 5 in Evocations
   387 | D        | Reached XP level 8. HP: 55/67 MP: 10/12
   390 | D        | Killed from afar by an arcanist

Illustrated notes

Levels and vault maps discovered:
D:        linesprint [early_d, line_temple, items_1, d_10, items_2, lair_1,
          lair_end, items_3, orc_1, orc_end, items_4, d_15, swamp_1, shoals_1,
          snake_1, spider_1, d_20, vaults_1, items_5, swamp_end, shoals_end,
          snake_end, spider_end, vaults_end, d_27, items_6, zot_1, zot_end,
          crypt_end, forest_end, elf_end, slime_end, tomb_end, abyss_end,
          pan_hell_end]

Skill      XL: |  1  2  3  4  5  6  7 |
---------------+----------------------+-----
Dodging        | 2 3 4 5 |  5.3
Fighting       | 4 5 6 7 |  7.5
Maces & Flails | 4 6 7 8 |  8.8
Armour         | 4 5 6 7 |  7.4
Shields        | 5 6 7 8 |  8.8
Necromancy     | 1 2 3 4 |  4.6
Invocations    | 2 3 4 5 |  5.6
Evocations     | 2 3 5 |  5.1

Action                     |  1- 3 |  4- 6 |  7- 9 || total
---------------------------+-------+-------+-------++-------
  Melee: Flail             |    19 |    18 |       ||    37
         Morningstar       |       |    11 |    20 ||    31
    Use: Potion            |     1 |     1 |       ||     2
 Armour: Scale mail        |    12 |    14 |       ||    26
         Plate armour      |       |    16 |    12 ||    28
  Dodge: Dodged            |     7 |     9 |     5 ||    21
  Block: Buckler           |     4 |     8 |     2 ||    14

Table legend: (Time is in decaauts)
 A = Elapsed time spent in this place.
 B = Non-inter-level travel time spent in this place.
 C = Inter-level travel time spent in this place.
 D = Time resting spent in this place.
 E = Time spent auto-exploring this place.
 F = Levels seen in this place.
 G = Mean time per level.
                   A        B        C        D        E       F      G
               +--------+--------+--------+--------+--------+-----+--------+
         Total |    414 |    414 |      0 |    229 |      0 |   1 |  414.0 |
       Dungeon |    414 |    414 |      0 |    229 |      0 |   1 |  414.0 |
               +--------+--------+--------+--------+--------+-----+--------+

Top non-repeatable levels by time:
       D: 414 daAuts
